 Dungeon Crawl Stone Soup version 0.22.0-27-ga576289601 (webtiles) character file.

289 MirrMurr the Vandal (level 6, -3/41 HPs)
             Began as a Halfling Hunter on Aug 21, 2018.
             Was an Initiate of Okawaru.
             Slain by an iguana (10 damage)
             ... on level 4 of the Dungeon.
             The game lasted 00:09:09 (3995 turns).

MirrMurr the Vandal (Halfling Hunter)               Turns: 3995, Time: 00:09:10

Health: -3/41      AC:  9    Str: 15    XL:     6   Next: 57%
Magic:  6/6        EV: 10    Int:  9    God:    Okawaru [......]
Gold:   175        SH:  0    Dex: 15    Spells: 5/5 levels left

rFire    . . .     SeeInvis .   b - +0 short sword
rCold    . . .     Gourm    .   (shield restricted)
rNeg     . . .     Faith    .   c - +1 chain mail
rPois    .         Spirit   .   (no helmet)
rElec    .         Reflect  .   (no cloak)
rCorr    .         Harm     .   (no gloves)
MR       .....                  (no boots)
Stlth    ..........             (no amulet)
HPRegen  0.13/turn              (no ring)
MPRegen  0.10/turn              (no ring)

@: no status effects
A: small, mutation resistance 1
a: Renounce Religion


You were on level 4 of the Dungeon.
You worshipped Okawaru.
Okawaru was noncommittal.
You were not hungry.

You visited 2 branches of the dungeon, and saw 5 of its levels.

You collected 175 gold pieces.

Inventory:

Hand Weapons
 a - a +2 hunting sling
 b - a +0 short sword (weapon)
 y - a +0 long sword
Missiles
 d - 20 sling bullets
 i - 68 stones
 p - 5 tomahawks (quivered)
 t - 12 poisoned needles
 v - 8 needles of paralysis
Armour
 c - a +1 chain mail (worn)
Jewellery
 l - an uncursed ring of magical power {unknown}
Scrolls
 h - a scroll of blinking
 m - 2 scrolls of amnesia
 n - 4 scrolls of teleportation
 r - 2 scrolls of remove curse
Potions
 e - a potion of curing {unknown}
 j - 3 potions of heal wounds
 k - a potion of brilliance
 o - a potion of mutation
 q - 2 potions of haste
Comestibles
 f - 4 rations


   Skills:
 + Level 2.8 Fighting
 + Level 2.7 Short Blades
 * Level 7.8 Slings
 + Level 2.4 Armour
 + Level 3.3 Dodging
 - Level 1.1 Stealth
 + Level 0.0 Invocations


You had 5 spell levels left.
You didn't know any spells.
Your spell library was empty.

Dungeon Overview and Level Annotations

Branches:
Dungeon (4/15)             Temple (1/1) D:4

Altars:
Ashenzari
Cheibriados
Dithmenos
Elyvilon
Fedhas
Gozag
Hepliaklqana
Kikubaaqudgha
Makhleb
Nemelex Xobeh
Okawaru
Qazlal
Ru
Sif Muna
Trog
Uskayaw
Vehumet
Wu Jian
Xom
Yredelemnul
Zin
The Shining One

Annotations:
D:3 2 transporters


Innate Abilities, Weirdness & Mutations

You are small and have problems with some larger weapons.
You are somewhat resistant to further mutation.


Message History

You barely miss the iguana.
The iguana is heavily wounded.
The iguana closely misses you.
You hit the iguana but do no damage.
The iguana is heavily wounded.
The iguana barely misses you.
An orc comes into view. It is wielding a dagger.
Your chain mail prevents you from hitting the iguana.
The iguana is heavily wounded.
The iguana barely misses you.
An orc wizard comes into view. It is wielding a dagger of venom.
Your chain mail prevents you from hitting the iguana.
The iguana is heavily wounded.
The orc wizard shouts!
The iguana bites you!
* * * LOW HITPOINT WARNING * * *
You closely miss the iguana.
The iguana is heavily wounded.
The iguana bites you!
You die...

((.. ..o ..#
##.. #(.# #(.
##l# #.@# #..#
##.#######
######
#..#......
.....#
##.........
.....#
##.......###
#..^.#
#..#######
.#...# ##.##
#.#..######.##


You could see an iguana and an orc wizard.

Vanquished Creatures
  An orc priest (D:3)
  A hound (D:2)
  An orc wizard (D:3)
  An iguana (D:4)
  A worker ant (D:4)
  6 adders
  2 worms
  4 dart slugs
  A leopard gecko (D:2)
  4 orcs (D:2)
  A ball python (D:2)
  3 giant cockroaches
  11 goblins (D:2)
  3 hobgoblins
  12 jackals
  7 kobolds
  4 quokkas
  7 bats
  5 frilled lizards
  A leopard gecko skeleton (D:4)
  10 rats
86 creatures vanquished.

Notes
Turn   | Place    | Note
-------+----------+-------------------------------------------
     0 | D:1      | MirrMurr the Halfling Hunter began the quest for the Orb.
     0 | D:1      | Reached XP level 1. HP: 14/14 MP: 1/1
   238 | D:1      | Reached skill level 6 in Slings
   647 | D:1      | Reached XP level 2. HP: 19/19 MP: 2/2
  1026 | D:2      | Reached XP level 3. HP: 24/24 MP: 3/3
  1041 | D:2      | Reached skill level 1 in Short Blades
  1041 | D:2      | Reached skill level 1 in Armour
  1418 | D:2      | Reached XP level 4. HP: 22/29 MP: 4/4
  1736 | D:2      | Reached skill level 7 in Slings
  1736 | D:2      | Reached XP level 5. HP: 33/35 MP: 5/5
  2106 | D:3      | Found a transporter.
  2521 | D:3      | Found a transporter.
  2543 | D:3      | Reached XP level 6. HP: 14/41 MP: 6/6
  3416 | D:4      | Found a blossoming altar of Fedhas.
  3732 | D:4      | Found a staircase to the Ecumenical Temple.
  3738 | Temple   | Entered the Ecumenical Temple
  3930 | Temple   | Became a worshipper of Warmaster Okawaru
  3995 | D:4      | Slain by an iguana

Skill      XL: |  1  2  3  4  5 |
---------------+----------------+-----
Slings         | 6 7 |  7.8
Fighting       | 2 |  2.8
Short Blades   | 1 2 |  2.7
Armour         | 1 2 |  2.4
Dodging        | 3 |  3.3
Stealth        | |  1.1

Action                   |  1- 3 |  4- 6 || total
-------------------------+-------+-------++-------
Melee: Short sword       |   119 |   290 ||   409
 Fire: Hunting sling     |    14 |    93 ||   107
  Use: Scroll            |       |    11 ||    11
  Eat: Chunk             |     2 |     8 ||    10
Armor: Chain mail        |    64 |   224 ||   288
       Leather armour    |     5 |       ||     5
Dodge: Dodged            |    72 |   229 ||   301
